 Dungeon Crawl Stone Soup version 0.16-a0-3706-g5dff784 (console) character file.

1213 MrRokkomies the Insei (level 8, -8/52 HPs)
             Began as an Octopode Transmuter on Jan 19, 2015.
             Was an Initiate of Cheibriados.
             Mangled by a steam dragon (10 damage)
             ... on level 6 of the Dungeon.
             The game lasted 00:20:04 (5573 turns).

MrRokkomies the Insei (Octopode Transmuter)         Turns: 5573, Time: 00:20:04

Health: -8/52      AC:  1    Str: 10    XL:     8   Next: 46%
Magic:  13/13      EV: 12    Int: 19    God:    Cheibriados [......]
Gold:   247        SH:  6    Dex: 13    Spells: 3 memorised, 2 levels left

rFire  + . .     SeeInvis .       - Unarmed
rCold  x . .     Clarity  .     i - +1 buckler
rNeg   . . .     SustAb   +     (helmet restricted)
rPois  .         Gourm    .     (no amulet)
rElec  .         Spirit   .     c - ring of stealth
rCorr  .         Warding  .     k - ring of sustain abilities
rMut   .         Stasis   .     n - ring of stealth
MR     .....                    x - ring of teleport control
Stlth  ++++......               h - ring of fire
                                (no ring)
                                (no ring)
                                (no ring)

@: about to teleport, appendage (expiring), very slow, not resistant to hostile
enchantments, stealthy
A: almost no armour, amphibious, 8 rings, constrict 8, tentacle spike 3,
camouflage 1, gelatinous body 1
a: End Transformation, Bend Time, Renounce Religion, Evoke Teleport Control


You were on level 6 of the Dungeon.
You worshipped Cheibriados.
Cheibriados was noncommittal.
You were hungry.
One of your tentacles had a temporary spike.
You visited 2 branches of the dungeon, and saw 7 of its levels.

You collected 247 gold pieces.

Inventory:

Missiles
 b - 12 arrows
 f - 20 stones
 r - 19 poisoned needles
 y - 6 needles of sleeping
 B - 3 silver javelins (quivered)
Armour
 i - a +1 buckler (worn)
Jewellery
 c - a ring of stealth (left tentacle)
 h - a ring of fire (on tentacle)
 k - a ring of sustain abilities (right tentacle)
 n - a ring of stealth (on tentacle)
 x - a ring of teleport control (on tentacle)
Scrolls
 u - a scroll of remove curse
Potions
 e - 3 potions of restore abilities
 g - 5 potions of haste
 m - a potion of invisibility
 o - a potion of magic {unknown}
 p - a potion of mutation {unknown}
 t - a potion of poison
 v - a potion of heal wounds {unknown}
 z - a potion of might {unknown}
 A - a potion of degeneration {unknown}
 C - a potion of curing {unknown}
Books
 d - a book of Changes

   Spells                             Type                      Level
   a - Beastly Appendage              Transmutation                1
   b - Sticks to Snakes               Transmutation                2
   c - Spider Form                    Transmutation/Poison         3
   d - Ice Form                       Ice/Transmutation            4
   e - Blade Hands                    Transmutation                5
Comestibles
 a - 5 bread rations
 j - a beef jerky
 l - 7 fruits
 q - a meat ration
 s - a slice of pizza


   Skills:
 * Level 3.1 Fighting
 - Level 2.0 Dodging
 - Level 5.0 Shields
 * Level 7.1 Unarmed Combat
 - Level 2.0 Spellcasting
 + Level 4.6 Transmutations


You had 2 spell levels left.
You knew the following spells:

 Your Spells              Type           Power        Failure   Level  Hunger
a - Beastly Appendage     Trmt           ###...       2%          1    #......
b - Spider Form           Trmt/Pois      ##........   21%         3    ###....
c - Blade Hands           Trmt           ###.......   75%         5    ######.


Dungeon Overview and Level Annotations

Branches:
Dungeon (6/15)             Temple (1/1) D:6

Altars:
Cheibriados
Gozag
Kikubaaqudgha
Makhleb
Nemelex Xobeh
Qazlal
Ru
Trog
Vehumet
Xom

Annotations:
D:4 N8Lord's ghost, average DsCK
D:6 afd's ghost, experienced OpEE


Innate Abilities, Weirdness & Mutations

You cannot wear most types of armour.
You are amphibious.
You can wear up to eight rings at the same time.
You can use your tentacles to constrict many enemies at once.
Your skin changes colour to match your surroundings (Stealth).
Your rubbery body absorbs attacks (AC +1).
One of your tentacles bears a large vicious spike.


Message History

You destroy the fungus!
The steam dragon breathes steam at you. The ball of steam hits you! You resist.
* * * LOW HITPOINT WARNING * * *
You tentacle-slap the steam dragon but do no damage.
The steam dragon is moderately wounded.
The fungus is engulfed in a cloud of scalding steam.
The steam dragon bites you!
* * * LOW HITPOINT WARNING * * *
The steam dragon claws you.
* * * LOW HITPOINT WARNING * * *
Drink which item? (? for menu, Esc to quit)
Okay, then.
Unknown command.
Read which item? (? for menu, Esc to quit)
As you read the scroll of teleportation, it crumbles to dust.
You feel strangely unstable.
Your transformation is almost over.
The steam dragon bites you!
You die...

##### #.###P.## ..).# ##.# ^..#
###.## #..# P..# #..####
#.####≈..# ##....# ##<...#P.≈#
####.####..#.##P..#
####.............#P.≈##
...............##≈^.≈.#
..######.....###@PP.≈P#
#####....##D.†...PP#
#.......###≈.....P^#
#####.####.####P≈..$.≈##
#.....####)...##P≈....# #
#.######.......##P^≈##### #
................#####...#########
.###..<.....##### ###........##
##.....#..### ####...........


You could see a steam dragon.

Vanquished Creatures
  The ghost of Skiberibeda the Skirmisher, an average MiBe of Trog (D:5)
  A steam dragon (D:6)
  An ice beast (D:6)
  An ogre (D:4)
  A giant frog (D:6)
  2 crimson imps
  A centaur skeleton (D:6)
  2 hounds
  A jelly (D:6)
  4 orc priests
  4 orc wizards
  A worker ant (D:4)
  5 adders
  4 gnolls
  A giant mite (D:2)
  A worm (D:1)
  7 orcs
  A ball python (D:1)
  A bat skeleton (D:4)
  A bat zombie (D:6)
  3 giant cockroaches
  14 goblins
  9 hobgoblins
  14 kobolds
  A quokka (D:5)
  15 bats
  3 giant geckos
  5 giant newts
  7 jackals
  8 rats
  A fungus (D:6)
121 creatures vanquished.

Notes
Turn   | Place    | Note
--------------------------------------------------------------
     0 | D:1      | MrRokkomies, the Octopode Transmuter, began the quest for the Orb.
     0 | D:1      | Reached XP level 1. HP: 13/13 MP: 3/3
    13 | D:1      | Reached XP level 2. HP: 8/18 MP: 2/4
   709 | D:1      | Reached XP level 3. HP: 21/24 MP: 6/6
   737 | D:1      | Learned a level 3 spell: Spider Form
  1583 | D:2      | Reached XP level 4. HP: 29/29 MP: 7/7
  1901 | D:2      | Reached skill level 4 in Unarmed Combat
  2177 | D:2      | Reached skill level 1 in Shields
  2318 | D:2      | Found a burning altar of Makhleb.
  2326 | D:2      | Reached XP level 5. HP: 31/34 MP: 9/9
  3224 | D:4      | Reached XP level 6. HP: 39/39 MP: 1/10
  3441 | D:4      | Noticed N8Lord's ghost (average DsCK)
  3519 | D:4      | Found a sacrificial altar of Ru.
  3528 | D:4      | Became a worshipper of Ru the Awakened
  3664 | D:4      | Noticed an ogre
  3673 | D:4      | Killed an ogre
  3673 | D:4      | Reached skill level 5 in Unarmed Combat
  3988 | D:4      | Reached XP level 7. HP: 18/45 MP: 12/12
  4365 | D:5      | Entered Level 5 of the Dungeon
  4774 | D:5      | Noticed Skiberibeda's ghost (average MiBe)
  4808 | D:5      | Killed Skiberibeda's ghost
  4808 | D:5      | Reached skill level 6 in Unarmed Combat
  5131 | D:5      | Learned a level 5 spell: Blade Hands
  5194 | D:6      | Reached XP level 8. HP: 47/50 MP: 13/13
  5219 | D:6      | Reached skill level 5 in Shields
  5289 | D:6      | Noticed afd's ghost (experienced OpEE)
  5321 | D:6      | Noticed a steam dragon
  5322 | D:6      | Noticed a steam dragon
  5365 | D:6      | Found a staircase to the Ecumenical Temple.
  5379 | Temple   | Entered the Ecumenical Temple
  5393 | Temple   | Fell from the grace of Ru
  5393 | Temple   | Became a worshipper of Cheibriados the Contemplative
  5564 | D:6      | Killed a steam dragon
  5564 | D:6      | Reached skill level 7 in Unarmed Combat
  5572 | D:6      | HP: 2/52 [steam dragon (1)]
  5573 | D:6      | Mangled by a steam dragon

Action                   |  1- 3 |  4- 6 |  7- 9 || total
-------------------------+-------+-------+-------++-------
Melee: Unarmed           |    79 |   171 |    99 ||   349
Throw: Javelin           |       |       |     2 ||     2
 Cast: Beastly Appendage |     1 |     2 |     4 ||     7
       Spider Form       |     2 |     2 |     1 ||     5
  Use: Scroll            |     1 |     6 |     2 ||     9
       Potion            |       |     3 |     2 ||     5
 Stab: Sleeping          |       |    15 |     4 ||    19
       Distracted        |       |     3 |       ||     3
  Eat: Chunk             |     2 |     9 |     4 ||    15
